 Dungeon Sprint DCSS version 0.28-a0-1616-g050a50673c (webtiles) character file.

Game seed: 8083782381052236075

112 rocky1 the Skirmisher (level 4, -2/85 HPs)
             Began as an Ogre Fighter on Jan 23, 2022.
             Was a Follower of Okawaru.
             Slain by a fire bat (8 damage)
             ... in the Dungeon (Sprint VII: "The Pits").
             The game lasted 00:00:44 (226 turns).

rocky1 the Skirmisher (Ogre Fighter)                 Turns: 226, Time: 00:00:44

Health: -2/85      AC:  3    Str: 22    XL:     4   Next: 93%
Magic:  4/4        EV:  9    Int:  9    God:    Okawaru [*.....]
Gold:   0          SH:  8    Dex:  8    Spells: 3/3 levels left

rFire   . . .      SeeInvis .   a - +0 war axe
rCold   . . .      Faith    .   c - +0 kite shield
rNeg    . . .      Spirit   .   b - +0 robe
rPois   .          Reflect  .   (helmet restricted)
rElec   .          Harm     .   (no cloak)
rCorr   .          Rampage  .   (gloves unavailable)
Will    .....      NoTele   +   (boots unavailable)
Stlth   ..........              (no amulet)
HPRegen 0.24/turn               (no ring)
MPRegen 0.09/turn               (no ring)

@: berserking (expiring), very quick
A: large, unfitting armour, tough skin 1
a: Renounce Religion, Heroism


You were in the Dungeon.
You worshipped Okawaru.
Okawaru was aware of your devotion.
You visited 1 branch

Inventory:

Hand Weapons
 a - a +0 war axe (weapon)
Armour
 b - a +0 robe (worn)
 c - a +0 kite shield (worn)
Scrolls
 j - a scroll of blinking
 l - 5 scrolls of amnesia
 m - a scroll of summoning
Potions
 d - a potion of might
 e - a potion of curing
 f - a potion of heal wounds
 g - a potion of haste
 h - 4 potions of magic
 i - 2 potions of berserk rage
 k - 2 potions of invisibility


   Skills:
 + Level 7.6 Fighting
 + Level 3.7 Axes
 + Level 5.3 Dodging
 + Level 5.2 Shields


You had 3 spell levels left.
You didn't know any spells.
Your spell library was empty.

Dungeon Overview and Level Annotations

Branches:
Dungeon (1/1)

Altars:
Ashenzari
Cheibriados
Dithmenos
Elyvilon
Fedhas
Gozag
Hepliaklqana
Kikubaaqudgha
Makhleb
Nemelex Xobeh
Okawaru
Qazlal
Ru
Sif Muna
Trog
Uskayaw
Vehumet
Wu Jian
Xom
Yredelemnul
Zin
The Shining One
Beogh
Jiyva
Lugonu


Innate Abilities, Weirdness & Mutations

You are too large for most types of armour.
You have tough skin. (AC +1)


Message History

You are engulfed in flames.
The floating eye seems to glare at you. You block the frilled lizard's attack.
You block the fire bat's attack.
You slice the fire bat!!
The fire bat is almost dead.
You slash the frilled lizard!
You kill the frilled lizard!
Okawaru accepts your kill. The fire bat barely misses you.
The floating eye gazes piercingly through you!
You suddenly lose the ability to move!
The fire bat bites you but does no damage.
The fire bat bites you.
You are engulfed in flames!
The fire bat bites you.
You are engulfed in flames.
* * * LOW HITPOINT WARNING * * *
The fire bat bites you.
* * * LOW HITPOINT WARNING * * *
You are engulfed in flames.
* * * LOW HITPOINT WARNING * * *
You can move again.
You slash the floating eye!
You kill the floating eye!
Okawaru is honoured by your kill.
You can now gain great but temporary skills.
You block the fire bat's attack.
Your Fighting skill gained 2 levels and is now at level 7!
Your Axes skill increases to level 3!
Your Dodging skill gained 2 levels and is now at level 5!
Your Shields skill gained 2 levels and is now at level 5!
You have reached level 3!
Your experience leads to an increase in your attributes!
Increase (S)trength, (I)ntelligence, or (D)exterity?
You feel stronger. x3
You have reached level 4!
You barely miss the fire bat.
The fire bat is severely wounded.
You barely miss the ball python zombie. The fire bat bites you.
* * * LOW HITPOINT WARNING * * *
You are engulfed in flames!
You die...

#_________.#
#_______...###########++
##########'##...........
#.?(.')))'.##......#..#.
##########.##...........
#...........'...........
#+#####'#####......#..#.
#.)#..##...........
+..b@.#####'#####++
####Z###.......#
#...G....##.......#
#........##.......#
#####+#####...<...#
#.......# #.......#
#.......# #########


You could see a fire bat and a ball python zombie.

Vanquished Creatures
  A floating eye (D)
  An ufetubus (D)
  An orc (D)
  A kobold (D)
  A frilled lizard (D)
  A quokka skeleton (D)
6 creatures vanquished.

Notes
Turn   | Place    | Note
-------+----------+-------------------------------------------
     0 | D        | rocky1 the Ogre Fighter began the quest for the Orb.
     0 | D        | Reached XP level 1. HP: 24/24 MP: 1/1
   145 | D        | Found a bloodstained altar of Trog.
   145 | D        | Found a shimmering blue altar of Sif Muna.
   145 | D        | Found a viscous altar of Jiyva.
   145 | D        | Found a hazy altar of Hepliaklqana.
   145 | D        | Found an opulent altar of Gozag.
   146 | D        | Found a glowing golden altar of the Shining One.
   146 | D        | Found a glowing silver altar of Zin.
   146 | D        | Found a basalt altar of Yredelemnul.
   146 | D        | Found a shimmering altar of Xom.
   146 | D        | Found an ornate altar of the Wu Jian Council.
   146 | D        | Found a sacrificial altar of Ru.
   146 | D        | Found a stormy altar of Qazlal.
   146 | D        | Found an iron altar of Okawaru.
   146 | D        | Found a sparkling altar of Nemelex Xobeh.
   146 | D        | Found a burning altar of Makhleb.
   146 | D        | Found a blossoming altar of Fedhas.
   146 | D        | Found a white marble altar of Elyvilon.
   146 | D        | Found a shadowy altar of Dithmenos.
   146 | D        | Found a snail-covered altar of Cheibriados.
   149 | D        | Found a corrupted altar of Lugonu.
   149 | D        | Found a radiant altar of Vehumet.
   150 | D        | Found an ancient bone altar of Kikubaaqudgha.
   150 | D        | Found a hide-covered altar of Uskayaw.
   150 | D        | Found a broken altar of Ashenzari.
   162 | D        | Became a worshipper of Warmaster Okawaru
   179 | D        | Reached XP level 2. HP: 32/33 MP: 2/2
   188 | D        | Reached skill level 5 in Fighting
   218 | D        | Noticed a floating eye
   218 | D        | Noticed a fire bat
   222 | D        | Paralysed by a floating eye for 2 turns
   225 | D        | Killed a floating eye
   225 | D        | Reached * piety under Okawaru
   226 | D        | Reached skill level 7 in Fighting
   226 | D        | Reached skill level 5 in Dodging
   226 | D        | Reached skill level 5 in Shields
   226 | D        | Reached XP level 3. HP: 9/48 MP: 3/3
   226 | D        | Reached XP level 4. HP: 11/57 MP: 4/4
   226 | D        | Slain by a fire bat

Illustrated notes

Levels and vault maps discovered:
D:        pitsprint [storerooms_1, entrance_room_1, metal_vault_2, armoury_1,
          mini_pit_1, grid_room_1, main_hall_1, silver_pit, the_coven_2,
          the_vestibule_1, steel_vault_4, golden_pit, hallway_of_sentries,
          crystal_vault_2, iron_vault_3, final_vault]

Skill      XL: |  1  2 |
---------------+-------+-----
Dodging        | 3 5 |  5.3
Shields        | 3 5 |  5.2
Fighting       | 7 |  7.6
Axes           | 3 |  3.7

Action                   |  1- 3 |  4- 6 || total
-------------------------+-------+-------++-------
Melee: War axe           |    15 |     1 ||    16
  Use: Potion            |     1 |       ||     1
Armor: Robe              |     6 |       ||     6
Dodge: Dodged            |     9 |       ||     9
Block: Kite shield       |     9 |       ||     9

Table legend: (Time is in decaauts)
 A = Elapsed time spent in this place.
 B = Non-inter-level travel time spent in this place.
 C = Inter-level travel time spent in this place.
 D = Time resting spent in this place.
 E = Time spent auto-exploring this place.
 F = Levels seen in this place.
 G = Mean time per level.
                   A        B        C        D        E       F      G
               +--------+--------+--------+--------+--------+-----+--------+
         Total |    232 |    232 |      0 |    127 |      0 |   1 |  232.0 |
       Dungeon |    232 |    232 |      0 |    127 |      0 |   1 |  232.0 |
               +--------+--------+--------+--------+--------+-----+--------+

Top non-repeatable levels by time:
       D: 232 daAuts
